 Dungeon Crawl Stone Soup version 0.28-a0-1616-g050a50673c (webtiles) character file.

Game seed: 15862997679696745772

31940 grumblor the Blocker (level 13, -10/67 HPs)
             Began as a Vine Stalker Fighter on Jan 23, 2022.
             Was an Elder of Sif Muna.
             Killed from afar by Jorgrun (28 damage)
             ... with an iron shot
             ... on level 13 of the Dungeon.
             The game lasted 00:34:06 (15091 turns).

grumblor the Blocker (Vine Stalker Fighter)        Turns: 15091, Time: 00:34:07

Health: -10/67     AC: 23    Str: 25    XL:     13   Next: 61%
Magic:  0/28       EV:  6    Int: 10    God:    Sif Muna [****..]
Gold:   966        SH: 23    Dex: 16    Spells: 12/12 levels left

rFire   + . .      SeeInvis .   H - +1 hand axe (elec)
rCold   . . .      Faith    .   b - +0 tower shield
rNeg    . . .      Spirit   +   D - +0 plate armour
rPois   +          Reflect  +   F - +2 helmet
rElec   .          Harm     .   L - scarf {repulsion}
rCorr   .          Rampage  .   R - +2 pair of gloves of Gyzir {rPois Dex+3}
Will    ++...                   (no boots)
Stlth   ..........              g - amulet of reflection
HPRegen 1.01/turn               h - ring of magical power
MPRegen 0.21/turn               t - ring "Jehey" {rF+ Will+ AC+4 Int+2}

@: repel missiles
A: fangs 3, regeneration 1, magic shield, antimagic bite, no potion heal 2
a: Renounce Religion, Channel Magic, Forget Spell, Divine Exegesis


You were on level 13 of the Dungeon.
You worshipped Sif Muna.
Sif Muna was greatly pleased with you.
You visited 3 branches of the dungeon, and saw 16 of its levels.
You also visited: Sewer.

You collected 966 gold pieces.

Inventory:

Hand Weapons
 a - a +0 war axe
 s - a +2 vorpal hand axe
 u - the +11 shortbow of Hatred {flame, Fly Str-4 Int+7 Stlth-}
   (You found it on level 3 of the Dungeon)

   Any ammunition fired from it burns those it strikes, dealing additional fire
   damage.
   Str:       It affects your strength (-4).
   Int:       It affects your intelligence (+7).
   Fly:       It grants you flight.
   Stlth:     It makes you less stealthy.
 H - a +1 hand axe of electrocution (weapon)
Missiles
 m - 2 curare-tipped darts
 n - 5 poisoned darts (quivered)
 w - 13 boomerangs
 z - a throwing net
 N - 5 javelins
Armour
 b - a +0 tower shield (worn)
 D - a +0 plate armour (worn)
 F - a +2 helmet (worn)
 L - a scarf of repulsion (worn)
 R - the +2 pair of gloves of Gyzir (worn) {rPois Dex+3}
   (You found it on level 13 of the Dungeon)

   Dex:       It affects your dexterity (+3).
   rPois:     It protects you from poison.
Jewellery
 e - a ring of positive energy
 g - an amulet of reflection (around neck)
 h - a ring of magical power (left hand)
 q - a ring of see invisible
 t - the ring "Jehey" (right hand) {rF+ Will+ AC+4 Int+2}
   (You found it on level 10 of the Dungeon)

   [ring of protection]

   AC:        It affects your AC (+4).
   Int:       It affects your intelligence (+2).
   rF:        It protects you from fire.
   Will:      It increases your willpower.
 x - a ring of flight
 I - a ring of protection from cold
 K - an amulet of regeneration
Wands
 k - a wand of digging (7)
 y - a wand of iceblast (12)
 J - a wand of acid (2)
Scrolls
 c - 5 scrolls of fear
 j - 5 scrolls of magic mapping
 o - a scroll of summoning
 r - 10 scrolls of teleportation
 A - 4 scrolls of fog
 M - 2 scrolls of enchant weapon
 O - a scroll of holy word {unknown}
 P - a scroll of blinking
Potions
 d - 2 potions of might
 i - 3 potions of flight
 l - 2 potions of attraction
 p - 2 potions of haste
 v - 6 potions of curing
 B - a potion of magic
 C - a potion of mutation
 E - a potion of invisibility
 Q - a potion of berserk rage
Miscellaneous
 G - a tin of tremorstones (2/2)


   Skills:
 * Level 7.5 Fighting
 + Level 9.8 Axes
 * Level 3.0 Throwing
 + Level 7.0 Armour
 - Level 4.0 Dodging
 * Level 13.2 Shields
 * Level 6.9 Invocations
 - Level 4.0 Evocations


You had 12 spell levels left.
You didn't know any spells.
Your spell library contained the following spells:

 Spells                   Type           Power      Damage    Failure   Level
 Animate Skeleton         Necr           0%         N/A       100%        1
 Magic Dart               Conj           0%         1d3       100%        1
 Pain                     Necr           0%         1d4       100%        1
 Blink                    Tloc           0%         N/A       100%        2
 Searing Ray              Conj           0%         2d4       100%        2
 Confusing Touch          Hex            0%         N/A       100%        3
 Dazzling Flash           Conj/Hex       0%         N/A       100%        3
 Tukima's Dance           Hex            0%         N/A       100%        3
 Vampiric Draining        Necr           0%         2d6       100%        3
 Anguish                  Hex/Necr       0%         N/A       100%        4
 Fulminant Prism          Conj/Hex       0%         3d6       100%        4
 Iskenderun's Mystic Bla  Conj/Tloc      0%         2d3       100%        4
 Leda's Liquefaction      Hex/Erth       0%         N/A       100%        4
 Summon Ice Beast         Ice/Summ       0%         N/A       100%        4
 Summon Lightning Spire   Summ/Air       0%         N/A       100%        4
 Lee's Rapid Deconstruct  Erth           0%         3d5*      100%        5
 Manifold Assault         Tloc           0%         N/A       100%        5
 Summon Mana Viper        Hex/Summ       0%         N/A       100%        5
 Yara's Violent Unravell  Hex/Tmut       0%         3d3       100%        5
 Starburst                Conj/Fire      0%         6d3       100%        6
 Statue Form              Tmut/Erth      0%         N/A       100%        6
 Enfeeble                 Hex            0%         N/A       100%        7
 Monstrous Menagerie      Summ           0%         N/A       100%        7
 Storm Form               Tmut/Air       0%         N/A       100%        7
 Borgnjor's Revivificati  Necr           0%         N/A       100%        8
 Maxwell's Capacitive Co  Air            0%         ∞         100%        8
 Necromutation            Tmut/Necr      0%         N/A       100%        8
 Death's Door             Necr           0%         N/A       100%        9


Dungeon Overview and Level Annotations

Branches:
Dungeon (14/15)            Temple (1/1) D:7            Lair (0/6) D:9
    Orc (1/2) D:11          Sewer (visited)
 Vaults: D:13-14

Altars:
Ashenzari
Cheibriados
Dithmenos
Elyvilon
Fedhas
Gozag
Hepliaklqana
Kikubaaqudgha
Makhleb
Nemelex Xobeh
Okawaru
Qazlal
Ru
Sif Muna
Trog
Uskayaw
Vehumet
Wu Jian
Xom
Yredelemnul
Zin
The Shining One
Beogh

Shops:
D:5 *   D:12 =

Annotations:
D:10 2 runed translucent doors
D:13 Jorgrun


Innate Abilities, Weirdness & Mutations

You have razor-sharp teeth.
Your natural rate of healing is unusually fast.
When hurt, damage is shared between your health and your magic reserves.
Your bite disrupts and absorbs the magic of your enemies.
Potions cannot restore your health.


Message History

You reflect the arrow off an invisible shield around you!
The arrow hits the centaur.
The centaur shoots an arrow.
The arrow hits you but does no damage.
The centaur shoots an arrow.
The arrow hits you.
Throw: 6 darts (poison)
Press: ? - help, Q - select action, (/) - cycle Shift-Dir - straight line, f/p - Jorgrun
Aim: Jorgrun, wielding a +0 vorpal quarterstaff and wearing a +1 robe of fire resistance (lightly wounded, very poisoned, 48% to hit)
You throw a poisoned dart. The poisoned dart hits Jorgrun.
Jorgrun is lightly wounded.
The centaur shoots an arrow.
You reflect the arrow off an invisible shield around you!
The arrow barely misses the centaur.
The centaur warrior shoots an arrow.
You reflect the arrow off an invisible shield around you!
The arrow hits the centaur warrior!
The centaur shoots an arrow.
The arrow hits you but does no damage. The grasping roots constrict you!
Unknown command.
You escape the roots' grasp.
The centaur shoots an arrow.
You reflect the arrow off an invisible shield around you!
The arrow hits the centaur!
You kill the centaur!
Sif Muna accepts your kill.
The centaur warrior shoots an arrow.
The arrow hits you but does no damage.
The centaur shoots an arrow.
The arrow barely misses you. Jorgrun gestures at you while chanting.
The iron shot hits you!!
* * * LOW HITPOINT WARNING * * *
The centaur shoots an arrow.
The arrow hits you.
* * * LOW HITPOINT WARNING * * *
The centaur shoots an arrow.
You reflect the arrow off an invisible shield around you!
The arrow hits the centaur!
You kill the centaur!
Sif Muna accepts your kill.
You climb upwards.
There is a stone staircase leading down here.
Jorgrun casts a spell next to you.
Some rock shatters into small pieces.
Jorgrun points at you and mumbles some strange words.
The iron shot hits you!!
You die...

### ##### ### #.###.#.# #.#
#########.......####### #.#
....................#.#####.#
#########...................####
#.# #.###.............#.##.#
###.# #.# #....#..)####...##.#
....# #.# #..#..#..####...##.#
##..#####.###...@...........##.#
.................##..####...##.#
##..........#.g####..####......##
##..##..#.#............##...#....
........#.#.#>....#.........##.##
...............................#
##........#.#..###.....#≈.≈≈##.##
.........................!.......
.........######..#.....≈≈≈≈≈≈≈.#≈


You could see Jorgrun (very poisoned).

Vanquished Creatures
  A very ugly thing (D:13)
  An ogre mage (D:10)
  A hydra (D:13)
  3 boulder beetles
  5 centaur warriors
  A death knight (D:10)
  4 two-headed ogres
  Sonja (D:13)
  Pikel (D:7)
  2 wizards (D:13)
  4 deep elf pyromancers
  2 cyclopes (D:13)
  6 ugly things (D:13)
  Maurice (D:11)
  Maggie (D:7)
  A gargoyle (D:11)
  A kobold demonologist (D:10)
  2 unseen horrors
  8 trolls
  3 polar bears (D:11)
  13 slime creatures
  A blink frog (shapeshifter) (D:13)
  A shadow (D:12)
  A culicivora (shapeshifter) (D:10)
  A centaur simulacrum (D:11)
  11 yaks
  2 wraiths (D:12)
  Sigmund (D:3)
  A basilisk (D:11)
  A steam dragon (D:8)
  Grum (D:10)
  3 vampire mosquitoes (D:10)
  Menkaure (D:7)
  2 wargs
  5 orc warriors
  A hornet zombie (D:9)
  2 ice beasts (D:11)
  2 sky beasts (D:6)
  18 centaurs
  2 wolves (D:10)
  A centaur (shapeshifter) (D:13)
  An ogre (Orc:1)
  A lemure (D:7)
  3 kobold brigands
  3 bullfrogs
  A gnoll sergeant (D:10)
  A killer bee (D:10)
  8 wights
  4 howler monkeys (D:9)
  6 electric eels
  2 centaur zombies
  2 hounds
  Crazy Yiuf (D:2)
  A jelly (D:7)
  11 orc priests
  2 bullfrog skeletons
  A gnoll shaman (D:4)
  A centaur skeleton (D:5)
  5 orc wizards
  A scorpion zombie (D:5)
  Natasha (D:4)
  2 iguanas (D:5)
  2 howler monkey zombies
  6 gnolls
  A howler monkey skeleton (D:4)
  8 adders
  4 river rats
  2 white imps
  3 ufetubi
  An adder skeleton (D:4)
  A worm (Sewer)
  6 dart slugs
  45 orcs
  9 ball pythons
  15 endoplasms
  3 giant cockroaches
  13 goblins
  9 hobgoblins
  2 quokkas (D:1)
  9 bats
  5 frilled lizards
  20 kobolds
  11 rats
353 creatures vanquished.

Vanquished Creatures (others)
  A white imp (D:11)
1 creature vanquished.

Grand Total: 354 creatures vanquished

Notes
Turn   | Place    | Note
-------+----------+-------------------------------------------
     0 | D:1      | grumblor the Vine Stalker Fighter began the quest for the
                  | Orb.
     0 | D:1      | Reached XP level 1. HP: 11/11 MP: 2/2
   279 | D:1      | Reached XP level 2. HP: 11/16 MP: 3/3
   859 | D:1      | Found a faded altar of an unknown god.
   902 | D:1      | Reached XP level 3. HP: 19/19 MP: 4/4
  1456 | D:2      | Reached skill level 1 in Dodging
  1456 | D:2      | Reached skill level 3 in Shields
  1613 | D:2      | Found a glowing silver altar of Zin.
  1644 | D:2      | Gained mutation: Your natural rate of healing is unusually
                  | fast. [Vine Stalker growth]
  1644 | D:2      | Reached XP level 4. HP: 23/24 MP: 5/5
  1929 | D:2      | Found a runed translucent door.
  1930 | D:2      | Noticed Crazy Yiuf
  2467 | D:2      | Killed Crazy Yiuf
  2613 | D:3      | Found a glowing drain.
  2618 | D:3      | Reached XP level 5. HP: 28/28 MP: 6/6
  2647 | Sewer    | Entered a sewer
  2849 | Sewer    | Noticed a kobold brigand
  2865 | Sewer    | Killed a kobold brigand
  3022 | Sewer    | Noticed a kobold brigand
  3027 | Sewer    | Reached XP level 6. HP: 32/32 MP: 7/7
  3461 | D:3      | Noticed Sigmund
  3471 | D:3      | Killed Sigmund
  3472 | D:3      | Reached XP level 7. HP: 33/36 MP: 6/8
  3785 | D:3      | Identified the +11 shortbow of Hatred {flame, Fly Str-4
                  | Int+7 Stlth-}
  4045 | D:4      | Reached skill level 4 in Shields
  4301 | D:4      | Noticed Natasha
  4309 | D:4      | Killed Natasha
  4439 | D:4      | Gained mutation: You have razor-sharp teeth. [Vine Stalker
                  | growth]
  4439 | D:4      | Reached XP level 8. HP: 41/42 MP: 6/9
  4464 | D:4      | Reached skill level 5 in Axes
  4721 | D:4      | Reached skill level 1 in Throwing
  4849 | D:5      | Entered Level 5 of the Dungeon
  4874 | D:5      | Found Omeontid's Overcharged Wands.
  5457 | D:6      | Reached skill level 1 in Evocations
  5562 | D:6      | Reached skill level 5 in Shields
  5824 | D:6      | Noticed a deep elf pyromancer
  5836 | D:6      | Killed a deep elf pyromancer
  5837 | D:6      | Reached XP level 9. HP: 41/45 MP: 10/10
  6065 | D:7      | Noticed Pikel
  6093 | D:7      | Killed Pikel
  6094 | D:7      | Reached skill level 6 in Shields
  6201 | D:7      | Noticed Maggie
  6229 | D:7      | Killed Maggie
  6520 | D:7      | Found a staircase to the Ecumenical Temple.
  6530 | Temple   | Entered the Ecumenical Temple
  7025 | Temple   | Became a worshipper of Sif Muna the Loreminder
  7579 | D:7      | Noticed Menkaure
  7589 | D:7      | Killed Menkaure
  7654 | D:8      | Reached skill level 7 in Shields
  7654 | D:8      | Reached XP level 10. HP: 51/51 MP: 11/11
  7867 | D:8      | Found a hide-covered altar of Uskayaw.
  7872 | D:8      | Reached skill level 1 in Invocations
  8291 | D:9      | Found a staircase to the Lair.
  8724 | D:9      | Noticed a boulder beetle
  8743 | D:9      | Killed a boulder beetle
  8743 | D:9      | Reached * piety under Sif Muna
  9134 | D:10     | Entered Level 10 of the Dungeon
  9141 | D:10     | Reached skill level 8 in Shields
  9153 | D:10     | Noticed a two-headed ogre
  9167 | D:10     | Reached skill level 5 in Fighting
  9170 | D:10     | Reached skill level 5 in Armour
  9189 | D:10     | Noticed a two-headed ogre
  9199 | D:10     | Killed a two-headed ogre
  9199 | D:10     | Killed a two-headed ogre
  9200 | D:10     | Reached XP level 11. HP: 56/56 MP: 12/14
  9231 | D:10     | Noticed a two-headed ogre
  9245 | D:10     | Killed a two-headed ogre
  9246 | D:10     | Reached skill level 9 in Shields
  9354 | D:10     | Noticed a centaur warrior
  9382 | D:10     | Killed a centaur warrior
  9530 | D:10     | Found a large runed translucent door.
  9530 | D:10     | Found a large runed translucent door.
  9537 | D:10     | Noticed a centaur warrior
  9544 | D:10     | Killed a centaur warrior
  9548 | D:10     | Found a large runed translucent door.
  9548 | D:10     | Found a large runed translucent door.
  9553 | D:10     | Identified the +1 scale mail of Lunluw {Slay+2}
  9701 | D:10     | Noticed a death knight
  9719 | D:10     | Killed a death knight
  9720 | D:10     | Reached skill level 10 in Shields
  9740 | D:10     | Reached ** piety under Sif Muna
  9786 | D:10     | Noticed Grum
  9799 | D:10     | Killed Grum
 10007 | D:10     | Noticed an ogre mage
 10008 | D:10     | Paralysed by an ogre mage for 5 turns
 10023 | D:10     | Killed an ogre mage
 10051 | D:10     | Identified the ring "Jehey" {rF+ Will+ AC+4 Int+2}
 10786 | D:11     | Reached XP level 12. HP: 61/61 MP: 16/16
 10946 | D:11     | Noticed a centaur warrior
 10953 | D:11     | Reached skill level 11 in Shields
 10957 | D:11     | Killed a centaur warrior
 10958 | D:11     | Reached skill level 5 in Invocations
 10986 | D:11     | Noticed Maurice
 10997 | D:11     | HP: 2/61 [something/bolt of acid (22)]
 11564 | D:11     | Killed Maurice
 11678 | D:11     | Found a staircase to the Orcish Mines.
 12211 | Orc:1    | Entered Level 1 of the Orcish Mines
 12309 | Orc:1    | Noticed an orc high priest
 12382 | D:12     | Found Xinim's Jewellery Emporium.
 12389 | D:12     | Reached *** piety under Sif Muna
 12501 | D:12     | Noticed a two-headed ogre
 12524 | D:12     | Killed a two-headed ogre
 12691 | D:12     | Reached skill level 12 in Shields
 12765 | D:12     | Noticed a boulder beetle
 12780 | D:12     | Killed a boulder beetle
 13059 | D:13     | Noticed a centaur warrior
 13071 | D:13     | Killed a centaur warrior
 13232 | D:13     | Reached XP level 13. HP: 64/66 MP: 18/18
 14141 | D:13     | Identified the +2 pair of gloves of Gyzir {rPois Dex+3}
 14253 | D:13     | Reached **** piety under Sif Muna
 14254 | D:13     | Reached skill level 13 in Shields
 14574 | D:13     | Noticed Sonja
 14600 | D:13     | Killed Sonja
 14735 | D:13     | Noticed a brown very ugly thing
 14854 | D:13     | Killed a brown very ugly thing
 15016 | D:13     | Identified the +6 demon blade of the Slicing Scavenger
                  | {pain, Will+}
 15077 | D:14     | Noticed Jorgrun
 15091 | D:13     | Killed from afar by Jorgrun

Illustrated notes

Levels and vault maps discovered:
D:1:      erik_arrival_triangle_medium, layout_basic,
          chequers_ecumenical_altar_island
D:2:      minmay_door_path, layout_basic, basic_altar, minmay_goblin_outpost,
          uniq_crazy_yiuf_cottage
D:3:      layout_basic, portal_sewer_entry_c, st_stairs_9, uniq_sigmund
D:4:      layout_loops_ring, uniq_natasha
D:5:      layout_basic, nicolae_shop_overcharged_wands
D:6:      layout_loops_cross, guppyfry_early_elven_hall
D:7:      layout_basic, minmay_temple_entry_grid, uniq_maggie, uniq_menkaure,
          uniq_pikel
D:8:      layout_rooms, nicolae_uskayaw_dance_hall,
          nicolae_concentric_dashed_squares_mild, david_defended_altar_orc
D:9:      layout_grid_maze, lair_entry_dummy
D:10:     layout_roguey, minmay_hollow_rounded_squares, uniq_grum
D:11:     layout_cave_pods, david_orc_1_choice, serial_ice, serial_ice_j,
          serial_ice_f, serial_ice_c, serial_ice_e, uniq_maurice
D:12:     nicolae_cairo_tiling, layout_cave_pools, serial_shops, shop
D:13:     cheibrodos_breeding_chamber, layout_basic, uniq_sonja
D:14:     layout_basic, erik_vaults_1, kennysheep_four_rooms, uniq_josephine,
          uniq_jorgrun
Temple:   mainiacjoe_temple_starburst
Orc:1:    layout_caves

Skill      XL: |  1  2  3  4  5  6  7  8  9 10 11 12 13 |
---------------+----------------------------------------+-----
Axes           | 2 3 4 6 8 9 |  9.8
Dodging        | 1 2 3 4 |  4.0
Shields        | 3 4 5 7 8 10 12 13 | 13.2
Fighting       | 3 4 5 6 7 |  7.5
Armour         | 3 4 5 6 7 |  7.0
Throwing       | 2 3 |  3.0
Evocations     | 2 3 4 |  4.0
Invocations    | 3 4 6 |  6.9

Action                   |  1- 3 |  4- 6 |  7- 9 | 10-12 | 13-15 || total
-------------------------+-------+-------+-------+-------+-------++-------
Melee: War axe           |   107 |   161 |       |       |       ||   268
       Bite              |    26 |    34 |    84 |   185 |    87 ||   416
       Hand axe          |       |     9 |   277 |   520 |   170 ||   976
Throw: Dart              |       |       |     6 |    84 |    49 ||   139
       Boomerang         |       |       |       |     7 |     6 ||    13
       Javelin           |       |       |       |     6 |     6 ||    12
       Throwing net      |       |       |       |       |     2 ||     2
Evoke: Wand              |       |       |     3 |     9 |     1 ||    13
  Use: Scroll            |     4 |     5 |     8 |     8 |     1 ||    26
       Potion            |       |       |       |     1 |     1 ||     2
Armor: Scale mail        |    52 |    50 |       |       |       ||   102
       Chain mail        |       |     4 |    49 |       |       ||    53
       Plate armour      |       |       |    26 |   261 |    75 ||   362
Dodge: Dodged            |    56 |    50 |    39 |   113 |    29 ||   287
       Repelled          |       |       |       |       |     1 ||     1
Block: Buckler           |    30 |    83 |    24 |       |       ||   137
       Reflection        |     3 |     5 |    12 |    48 |    32 ||   100
       Tower shield      |       |       |   154 |   723 |   182 ||  1059

Table legend: (Time is in decaauts)
 A = Elapsed time spent in this place.
 B = Non-inter-level travel time spent in this place.
 C = Inter-level travel time spent in this place.
 D = Time resting spent in this place.
 E = Time spent auto-exploring this place.
 F = Levels seen in this place.
 G = Mean time per level.
                   A        B        C        D        E       F      G
               +--------+--------+--------+--------+--------+-----+--------+
         Total |  15596 |  14978 |    618 |   1338 |   9987 |  17 |  917.4 |
       Dungeon |  14089 |  13569 |    520 |   1338 |   8925 |  14 | 1006.4 |
        Temple |    547 |    450 |     97 |      0 |    432 |   1 |  547.0 |
  Orcish Mines |    131 |    131 |      0 |      0 |     77 |   1 |  131.0 |
         Sewer |    827 |    827 |      0 |      0 |    553 |   1 |  827.0 |
               +--------+--------+--------+--------+--------+-----+--------+

Top non-repeatable levels by time:
    D:13: 2087 daAuts
    D:11: 2048 daAuts
     D:1: 1390 daAuts
     D:2: 1253 daAuts
    D:10: 1133 daAuts
     D:7: 1043 daAuts
     D:9: 994 daAuts
     D:4: 953 daAuts
   Sewer: 827 daAuts
     D:3: 707 daAuts
    D:12: 691 daAuts
     D:6: 645 daAuts
     D:5: 599 daAuts
  Temple: 547 daAuts
     D:8: 531 daAuts
